 Seeded DCSS version 0.29-a0-72-g1732ff48e7 (webtiles) character file.

Game seed: 10000000000011 (custom seed)

312 knot the Chopper (level 6, 0/70 HPs)
             Began as a Demonspawn Berserker on Feb 3, 2022.
             Was a Follower of Trog.
             Slain by Duvessa the wolf (2 damage)
             ... on level 4 of the Dungeon.
             The game lasted 00:03:11 (3826 turns).

knot the Chopper (Demonspawn Berserker)             Turns: 3826, Time: 00:03:11

Health: 0/70       AC:  2    Str: 18    XL:     6   Next: 18%
Magic:  6/6        EV: 12    Int: 10    God:    Trog [*.....]
Gold:   140        SH:  0    Dex: 12    Spells: 5/5 levels left

rFire   . . .      SeeInvis .   a - +0 hand axe
rCold   . . .      Faith    .   (no shield)
rNeg    . . .      Spirit   .   b - +0 animal skin
rPois   .          Reflect  .   (no helmet)
rElec   .          Harm     .   (no cloak)
rCorr   .          Rampage  .   (no gloves)
Will    .....                   (no boots)
Stlth   ..........              (no amulet)
HPRegen 0.21/turn               (no ring)
MPRegen 0.20/turn               (no ring)

@: berserking (expiring), very quick
A: magic regeneration, demonic touch 2
a: Renounce Religion, Berserk


You were on level 4 of the Dungeon.
You worshipped Trog.
Trog was aware of your devotion.
You visited 1 branch of the dungeon, and saw 4 of its levels.

You collected 140 gold pieces.

Inventory:

Hand Weapons
 a - a +0 hand axe (weapon)
Missiles
 f - 105 stones (quivered)
 k - 2 poisoned darts
 p - 4 boomerangs
Armour
 b - a +0 animal skin (worn)
Jewellery
 d - an amulet of reflection
Wands
 o - a wand of polymorph (5)
Scrolls
 c - a scroll of amnesia {unknown}
 i - 2 scrolls of identify {unknown}
 m - 2 scrolls of blinking {unknown}
 n - a scroll of fog {unknown}


   Skills:
 - Level 3.0 Fighting
 + Level 6.4 Axes
 - Level 1.7 Armour
 - Level 1.7 Dodging


You had 5 spell levels left.
You didn't know any spells.
Your spell library contained the following spells:

 Spells                   Type           Power      Damage    Failure   Level
 Corpse Rot               Necr/Air       0%         N/A       50%         2
 Ensorcelled Hibernation  Hex/Ice        0%         N/A       50%         2
 Passwall                 Tmut/Erth      0%         N/A       50%         2
 Poisonous Vapours        Pois/Air       0%         N/A       50%         2
 Swiftness                Air            0%         N/A       75%         3


Dungeon Overview and Level Annotations

Branches:
Dungeon (4/15)             Temple (0/1) D:4

Altars:

Shops:
D:3 [

Annotations:
D:4 Dowan, Duvessa


Innate Abilities, Weirdness & Mutations

You regenerate magic rapidly.
Your touch may inflict irresistible damage on your foes.


Message History

Aiming: Polymorph
Press: ? - help, Shift-Dir - straight line, f/p - Duvessa
Aim: Duvessa, wielding a +2 short sword of draining and wearing a +0 ring mail (will become a river rat, a scorpion, or a wolf, chance to affect: 31%) Duvessa easily resists.
Aiming: Polymorph
Press: ? - help, Shift-Dir - straight line, f/p - Duvessa
Aim: Duvessa, wielding a +2 short sword of draining and wearing a +0 ring mail (will become a river rat, a scorpion, or a wolf, chance to affect: 31%) Duvessa evaporates and reforms as a wolf!
Duvessa bites you.
You see here a +0 dagger.
Duvessa bites you! Duvessa bites you!
A red film seems to cover your vision as you go berserk!
You feel yourself moving faster!
You feel mighty! Duvessa barely misses you.
You closely miss Duvessa. Your touch misses Duvessa. Duvessa bites you.
Duvessa closely misses you.
You hit Duvessa.
Duvessa is lightly wounded.
You barely miss Duvessa.
You touch Duvessa.
Duvessa is moderately wounded.
Duvessa bites you but does no damage.
You slash Duvessa!
Duvessa is severely wounded.
Duvessa closely misses you.
You hit Duvessa.
Duvessa is almost dead.
Duvessa bites you! x2
* * * LOW HITPOINT WARNING * * *
You closely miss Duvessa.
Duvessa is almost dead.
Duvessa bites you!
* * * LOW HITPOINT WARNING * * *
You hit Duvessa but do no damage.
Duvessa is almost dead.
Duvessa bites you.
* * * LOW HITPOINT WARNING * * *
You completely miss Duvessa.
Duvessa is almost dead.
Duvessa bites you.
You die...

..####..Z.....# .....e..
#).).†.######.#
##......# ######.## #.#
#......).# #..# #.#
##..# .....# ##.# #.#
#.)###....(# #.# ###Z###
#.###......# #.# ###+###
#..........#
#.####⌠.⌠####.####$....#
#....'.>.'@h).# ###.##
#.####⌠.⌠###### # #.#
###'### # #.# ###.### ##
#)# #.# .######## #.#
.......######.###
..####.....#..#.#######
#.# ##.##............#


You could see Duvessa the wolf and a centaur skeleton.

Vanquished Creatures
  An ogre (D:3)
  A scorpion (D:4)
  An orc priest (D:4)
  Ijyb (D:4)
  5 adders
  2 orcs (D:4)
  6 endoplasms
  A giant cockroach (D:1)
  5 goblins
  5 hobgoblins
  14 jackals
  A quokka (D:4)
  3 ball pythons
  7 bats
  5 frilled lizards
  3 kobolds
  5 rats
66 creatures vanquished.

Notes
Turn   | Place    | Note
-------+----------+-------------------------------------------
     0 | D:1      | knot the Demonspawn Berserker began the quest for the Orb.
     0 | D:1      | Reached XP level 1. HP: 18/18 MP: 1/1
    79 | D:1      | Reached skill level 3 in Axes
   231 | D:1      | Gained mutation: You regenerate magic rapidly. [demonic
                  | ancestry]
   231 | D:1      | Reached XP level 2. HP: 10/24 MP: 2/2
  1402 | D:2      | Gained mutation: Your touch may inflict minor irresistible
                  | damage on your foes. [demonic ancestry]
  1402 | D:2      | Reached XP level 3. HP: 29/29 MP: 3/3
  1459 | D:2      | Reached skill level 4 in Axes
  1877 | D:2      | Reached ** piety under Trog
  1930 | D:2      | Reached XP level 4. HP: 14/35 MP: 4/4
  2608 | D:3      | Noticed an ogre
  2618 | D:3      | Killed an ogre
  2619 | D:3      | Reached skill level 5 in Axes
  2619 | D:3      | Reached XP level 5. HP: 41/41 MP: 5/5
  2805 | D:3      | Found Daocsar's Antique Armour Emporium.
  3237 | D:4      | Found a staircase to the Ecumenical Temple.
  3255 | D:4      | Noticed Dowan
  3709 | D:4      | Reached skill level 6 in Axes
  3709 | D:4      | Gained mutation: Your touch may inflict irresistible damage
                  | on your foes. [demonic ancestry]
  3709 | D:4      | Reached XP level 6. HP: 47/47 MP: 6/6
  3718 | D:4      | Noticed Ijyb
  3738 | D:4      | Killed Ijyb
  3807 | D:4      | Noticed Duvessa
  3810 | D:4      | Noticed Duvessa
  3810 | D:4      | Duvessa changed into Duvessa the wolf
  3824 | D:4      | HP: 2/70 [Duvessa the wolf (10)]
  3826 | D:4      | Slain by Duvessa the wolf

Illustrated notes

Levels and vault maps discovered:
D:1:      lordsloth_arrival_two_stooges, layout_basic, grunt_decor_fettered,
          minmay_misc_feat_diagonals, nicolae_concentric_dashed_squares_wild
D:2:      layout_rooms, hangedman_decor_clover_reticule
D:3:      layout_basic, serial_shops, shop, kennysheep_path_1
D:4:      layout_rooms, temple_doors_e, uniq_duvessa, uniq_ijyb

Skill      XL: |  1  2  3  4  5 |
---------------+----------------+-----
Axes           | 3 4 5 6 |  6.4
Fighting       | |  3.0
Armour         | |  1.7
Dodging        | |  1.7

Action                   |  1- 3 |  4- 6 || total
-------------------------+-------+-------++-------
Melee: Hand axe          |   109 |    90 ||   199
       Punch             |     1 |     1 ||     2
       Touch             |     9 |     8 ||    17
Throw: Stone             |       |     8 ||     8
Invok: Berserk           |     3 |     6 ||     9
       Trog's Hand       |       |     1 ||     1
Evoke: Wand              |       |     3 ||     3
  Use: Potion            |       |     5 ||     5
Armor: Animal skin       |    31 |    18 ||    49
       Skin              |       |     9 ||     9
Dodge: Dodged            |    83 |    51 ||   134

Table legend: (Time is in decaauts)
 A = Elapsed time spent in this place.
 B = Non-inter-level travel time spent in this place.
 C = Inter-level travel time spent in this place.
 D = Time resting spent in this place.
 E = Time spent auto-exploring this place.
 F = Levels seen in this place.
 G = Mean time per level.
                   A        B        C        D        E       F      G
               +--------+--------+--------+--------+--------+-----+--------+
         Total |   3922 |   3827 |     95 |   1071 |   2245 |   4 |  980.5 |
       Dungeon |   3922 |   3827 |     95 |   1071 |   2245 |   4 |  980.5 |
               +--------+--------+--------+--------+--------+-----+--------+

Top non-repeatable levels by time:
     D:1: 1413 daAuts
     D:3: 962 daAuts
     D:2: 933 daAuts
     D:4: 612 daAuts
